 Dungeon Crawl Stone Soup version 0.16.1 (console) character file.

54 gw the Chiller (level 3, -1/26 HPs)
             Began as a Mummy Ice Elementalist on Mar 24, 2015.
             Slain by Robin
             ... wielding a +0 spear
              (5 damage)
             ... on level 2 of the Dungeon.
             The game lasted 00:01:26 (1819 turns).

gw the Chiller (Mummy Ice Elementalist)             Turns: 1819, Time: 00:01:26

Health: -1/26      AC:  3    Str: 11    XL:     3   Next: 66%
Magic:  0/6        EV: 11    Int: 15    God:
Gold:   73         SH:  0    Dex: 12    Spells: 3 memorised, 1 level left

rFire  x . .     SeeInvis .     b - +0 club
rCold  + . .     Clarity  .     f - +0 leather armour
rNeg   + + +     SustAb   .     (no shield)
rPois  ∞         Gourm    .     (no helmet)
rElec  .         Spirit   .     (no cloak)
rCorr  .         Warding  .     (no gloves)
rMut   .         Stasis   .     (no boots)
MR     .....                    (no amulet)
Stlth  +.........               (no ring)
                                (no ring)

@: very slightly contaminated, not resistant to hostile enchantments, very
unstealthy
A: no food or potions, fire vulnerability, restore body, cold resistance 1,
negative energy resistance 3, poison resistance, torment resistance, unbreathing
a: no special abilities


You were on level 2 of the Dungeon.
You were not hungry.

You visited 1 branch of the dungeon, and saw 2 of its levels.

You collected 73 gold pieces.

Inventory:

Hand weapons
 b - a +0 club (weapon)
Missiles
 e - 15 poisoned needles
Armour
 f - a +0 leather armour (worn)
Scrolls
 a - a scroll of identify
Books
 c - a book of Frost

   Spells                             Type                      Level
   a - Freeze                         Ice                          1
   b - Throw Frost                    Conjuration/Ice              2
   c - Ozocubu's Armour               Charms/Ice                   3
   d - Throw Icicle                   Conjuration/Ice              4
   e - Summon Ice Beast               Ice/Summoning                4
   f - Condensation Shield            Ice                          4


   Skills:
 + Level 1.0 Fighting
 + Level 1.0 Maces & Flails
 + Level 0.8 Armour
 - Level 1.5 Dodging
 - Level 1.5 Stealth
 + Level 2.7 Spellcasting
 - Level 0.7 Conjurations
 + Level 2.7 Ice Magic


You had one spell level left.
You knew the following spells:

 Your Spells              Type           Power        Failure   Level  Hunger
a - Freeze                Ice            ##..         12%         1    N/A
b - Throw Frost           Conj/Ice       #.....       24%         2    N/A
c - Ozocubu's Armour      Chrm/Ice       #.......     47%         3    N/A

Dungeon Overview and Level Annotations

Branches:
Dungeon (2/15)

Altars:

Annotations:
D:2 Robin


Innate Abilities, Weirdness & Mutations

You do not eat or drink.
Your flesh is vulnerable to fire.
Your flesh is cold resistant.
You are immune to negative energy.
Your system is resistant to poisons.
You are immune to unholy pain and torment.
You can survive without breathing.


Message History

Unknown command.
MOVING TO (-1,-1)
The goblin shouts!
Unknown command.
Unknown command.
Unknown command.
ATTACK MOVE TO (1,0)
The goblin shouts!
The hobgoblin hits you with a club.
A goblin comes into view. It is wielding a dagger.
Unknown command.
Unknown command.
Unknown command.
Unknown command.
ATTACK MOVE TO (1,0)
The goblin shouts!
You hit the hobgoblin but do no damage. Robin throws the goblin at you!
The hobgoblin hits you with a club. x2
The goblin hits you but does no damage. Robin hits you from afar with a spear.
You die...

.g.... #......
#+##.......
####.##(.......
...............
...............
.................
##g##..........
#.Mgg..........
#.)gg..........
#...g..........#
######.##gg!........
#......##..g........
#......##.g........
#..................
#..................
#.................


You could see Robin, 3 hobgoblins and 6 goblins.

Table legend:
 A = Turns spent in this place as a percentage of turns spent in the entire game.
 B = Non-inter-level travel turns spent in this place as a percentage of non-inter-level travel turns spent in the entire game.
 C = Inter-level travel turns spent in this place as a percentage of turns spent in this place.
 D = Turns resting spent in this place as a percentage of non-inter-level travel turns spent in this place.
 E = Turns spent auto-exploring this place as a percentage of non-inter-level travel turns spent in this place.
 F = Non-inter-level travel turns spent in this place divided by the number of levels of this place that you've seen.
                   A       B       C       D       E      F
               +-------+-------+-------+-------+-------+----------------------
         Total | 100.0 | 100.0 |   0.1 |   3.9 |   2.0 | 875.0
       Dungeon | 100.0 | 100.0 |   0.1 |   3.9 |   2.0 | 875.0
               +-------+-------+-------+-------+-------+----------------------

Table legend:
 A = Kills in this place as a percentage of kills in entire the game.
 B = Kills by you in this place as a percentage of kills by you in the entire game.
 C = Kills by friends in this place as a percentage of kills by friends in the entire game.
 D = Other kills in this place as a percentage of other kills in the entire game.
 E = Experience gained in this place as a percentage of experience gained in the entire game.
 F = Experience gained in this place divided by the number of levels of this place that you have seen.
                   A       B       C       D       E      F
               +-------+-------+-------+-------+-------+----------------------
         Total | 100.0 | 100.0 |  -nan |  -nan | 100.0 |  39.0
       Dungeon | 100.0 | 100.0 |  -nan |  -nan | 100.0 |  39.0
               +-------+-------+-------+-------+-------+----------------------

Vanquished Creatures
  2 adders (D:2)
  5 bats (D:1)
  2 giant cockroaches (D:1)
  7 goblins
  6 hobgoblins
  2 kobolds (D:1)
  4 jackals (D:1)
  5 rats (D:1)
33 creatures vanquished.

Notes
Turn   | Place    | Note
--------------------------------------------------------------
     0 | D:1      | gw, the Mummy Ice Elementalist, began the quest for the Orb.
     0 | D:1      | Reached XP level 1. HP: 13/13 MP: 3/3
   468 | D:1      | Reached XP level 2. HP: 20/20 MP: 0/4
   511 | D:1      | Learned a level 2 spell: Throw Frost
  1541 | D:2      | Reached skill level 1 in Fighting
  1541 | D:2      | Reached XP level 3. HP: 22/26 MP: 1/6
  1593 | D:2      | Learned a level 3 spell: Ozocubu's Armour
  1712 | D:2      | Reached skill level 1 in Maces & Flails
  1814 | D:2      | Noticed Robin
  1819 | D:2      | Slain by Robin

Action                   || total
-------------------------++-------
Melee: Club              ||    33
Throw: Stone             ||     7
 Cast: Freeze            ||    33
       Throw Frost       ||    18
  Use: Scroll            ||     2

Vault maps used:
D:1:      dpeg_arrival_windows_large_door
D:2:      minmay_kobold_bridge, trog_butcher_becter, uniq_robin, uniq_jessica
